 Dungeon Crawl Stone Soup version 0.29-a0-323-g050149af67 (webtiles) character file.

Game seed: 2662912621930840232

69 Hubjo the Chiller (level 4, 0/25 HPs)
             Began as a Deep Elf Ice Elementalist on Apr 11, 2022.
             Slain by a black bear (4 damage)
             ... on level 2 of the Dungeon.
             The game lasted 00:03:08 (2701 turns).

Hubjo the Chiller (Deep Elf Ice Elementalist)       Turns: 2701, Time: 00:03:09

Health: 0/25       AC:  5    Str:  5    XL:     4   Next: 2%
Magic:  11/11      EV: 13    Int: 20    God:
Gold:   66         SH:  0    Dex: 17    Spells: 9/10 levels left

rFire   . . .      SeeInvis .   m - +0 rapier (venom)
rCold   . . .      Faith    .   (no shield)
rNeg    . . .      Spirit   .   a - +0 robe
rPois   .          Reflect  .   (no helmet)
rElec   .          Harm     .   g - +2 cloak
rCorr   .          Rampage  .   (no gloves)
Will    .....                   (no boots)
Stlth   +++.......              (no amulet)
HPRegen 0.08/turn               (no ring)
MPRegen 0.12/turn               (no ring)

@: no status effects
A: no striking features
a: no special abilities


You were on level 2 of the Dungeon.
You visited 1 branch of the dungeon, and saw 2 of its levels.

You collected 66 gold pieces.

Inventory:

Hand Weapons
 f - a +0 dagger
 m - a +0 rapier of venom (weapon)
Armour
 a - a +0 robe (worn)
 g - a +2 cloak (worn)
Scrolls
 d - a scroll of teleportation {unknown}
 e - a scroll of fog {unknown}
 j - a scroll of fear {unknown}
 k - a scroll of blinking {unknown}
Potions
 b - a potion of magic
 c - a potion of haste {unknown}
 h - a potion of heal wounds {unknown}
 l - a potion of attraction {unknown}
 n - a potion of brilliance {unknown}
 o - a potion of lignification {unknown}


   Skills:
 * Level 1.1 Fighting
 + Level 3.0 Dodging
 * Level 3.6 Stealth
 + Level 3.6 Spellcasting
 + Level 4.7 Ice Magic


You had 9 spell levels left.
You knew the following spells:

 Your Spells              Type           Power      Damage    Failure   Level
a - Freeze                Ice            88%        1d10      1%          1

Your spell library contained the following spells:

 Spells                   Type           Power      Damage    Failure   Level
 Frozen Ramparts          Ice            44%        1d6       6%          3
 Ozocubu's Armour         Ice            22%        N/A       6%          3
 Hailstorm                Conj/Ice       13%        3d5       45%         4


Dungeon Overview and Level Annotations

Branches:
Dungeon (2/15)

Altars:


Message History

The black bear claws you but does no damage.
The black bear completely misses you. The black bear bites you.
The black bear closely misses you.
The black bear claws you but does no damage.
You hit the black bear.
The black bear is moderately wounded.
The black bear bites you but does no damage.
The black bear claws you but does no damage. x2
You barely miss the black bear.
The black bear is moderately wounded.
The black bear bites you. The black bear barely misses you.
The black bear claws you but does no damage.
You barely miss the black bear.
The black bear is moderately wounded.
The black bear misses you. The black bear claws you.
The black bear claws you but does no damage.
You puncture the black bear!
The black bear is heavily wounded.
The black bear bites you. The black bear closely misses you.
The black bear claws you but does no damage.
You hit the black bear but do no damage.
The black bear is heavily wounded.
The necrophage hits you. The black bear completely misses you.
The black bear claws you but does no damage.
The black bear claws you. The necrophage misses you. The black bear misses you.
The black bear claws you but does no damage. x2
You are too injured to fight recklessly!
You are too injured to fight recklessly!
You are too injured to fight recklessly!
You are too injured to fight recklessly!
You are too injured to fight recklessly!
You are too injured to fight recklessly!
As you read the scroll labelled JUROL MEPNIQO, it crumbles to dust.
It is a scroll of brand weapon.
Your +0 rapier drips with poison.
m - a +0 rapier of venom (weapon)
The necrophage hits you. The black bear bites you.
* * * LOW HITPOINT WARNING * * *
The black bear misses you. The black bear claws you.
You die...

......#..<..............##..####.
.#.................#.............
.#..#.#.................###.####.
......########...######## #.# #.
....### #...# ##.## #. #...#
#...# #...# ## #.### #...# #...#
#.# #...# #...#### #.# #..@#
#.#....รท #.# #...nh.# #.#.####
..# #.##.#.# #...# ..# #. .. ..
##### .## . ... ..# .# . .... ..#
## #.... ... #.... .!##


You could see a black bear and a necrophage.

Vanquished Creatures
  2 adders (D:2)
  A worm (D:2)
  5 ball pythons
  5 bats
  4 endoplasms
  4 goblins
  4 hobgoblins
  4 jackals (D:2)
  2 kobolds
  4 quokkas (D:1)
  2 frilled lizards (D:1)
  5 rats
42 creatures vanquished.

Notes
Turn   | Place    | Note
-------+----------+-------------------------------------------
     0 | D:1      | Hubjo the Deep Elf Ice Elementalist began the quest for the
                  | Orb.
     0 | D:1      | Reached XP level 1. HP: 10/10 MP: 6/6
   982 | D:1      | Reached XP level 2. HP: 9/15 MP: 6/8
  1870 | D:2      | Reached XP level 3. HP: 15/20 MP: 9/9
  1976 | D:2      | Found a faded altar of an unknown god.
  2075 | D:2      | Reached skill level 1 in Fighting
  2690 | D:2      | Reached XP level 4. HP: 25/25 MP: 11/11
  2690 | D:2      | Noticed a black bear
  2694 | D:2      | Noticed a necrophage
  2701 | D:2      | Slain by a black bear

Illustrated notes

Levels and vault maps discovered:
D:1:      dpeg_arrival_solitude, layout_basic
D:2:      layout_loops_cross, ebering_ecumenical_altar_abandoned

Skill      XL: |  1  2  3 |
---------------+----------+-----
Stealth        | 3 |  3.6
Fighting       | 1 |  1.1
Dodging        | 3 |  3.0
Spellcasting   | |  3.6
Ice Magic      | |  4.7

Action                   |  1- 3 |  4- 6 || total
-------------------------+-------+-------++-------
Melee: Unarmed           |    43 |       ||    43
       Dagger            |    38 |       ||    38
       Rapier            |    56 |     7 ||    63
       Punch             |     1 |       ||     1
 Cast: Freeze            |     9 |       ||     9
  Use: Scroll            |       |     1 ||     1
 Stab: Sleeping          |     8 |       ||     8
Armor: Robe              |    43 |    13 ||    56
Dodge: Dodged            |   131 |    12 ||   143

Table legend: (Time is in decaauts)
 A = Elapsed time spent in this place.
 B = Non-inter-level travel time spent in this place.
 C = Inter-level travel time spent in this place.
 D = Time resting spent in this place.
 E = Time spent auto-exploring this place.
 F = Levels seen in this place.
 G = Mean time per level.
                   A        B        C        D        E       F      G
               +--------+--------+--------+--------+--------+-----+--------+
         Total |   2712 |   2682 |     30 |      0 |   2318 |   2 | 1356.0 |
       Dungeon |   2712 |   2682 |     30 |      0 |   2318 |   2 | 1356.0 |
               +--------+--------+--------+--------+--------+-----+--------+

Top non-repeatable levels by time:
     D:1: 1782 daAuts
     D:2: 929 daAuts
